Map: Deathaura LE

Players

Guzi - Winner!

  • Race: Zerg Zerg
  • League: Diamond
  • Spawn Location: 5:00

VOD

Have the link to the VOD?

Description

Time

  • Played on: July 22, 2020, 1:24 p.m.
  • Length: 6:53
Show
View Real Time Build Order
Export as new Build Order

Guzi Zerg - Winner!

Build Orders: Hatch First 

Get SALT Encoding   

  12  0:02  Drone  
  12  0:12  Overlord  
  12  0:17  Drone  
  12  0:31  Drone x2  
  12  0:49  Hatchery  
  12  0:52  Drone  
  12  0:57  Drone  
  12  1:00  Drone  
  12  1:09  Extractor  
  12  1:17  Spawning Pool  
  12  1:22  Drone  
  12  1:23  Drone  
  12  1:29  Drone  
  12  1:39  Overlord  
  12  1:50  Drone  
  12  2:04  Queen  
  12  2:07  Queen  
  12  2:09  Zergling x4  
  12  2:14  Drone x2  
  12  2:17  Metabolic Boost  
  12  2:25  Drone  
  12  2:26  Drone  
  12  2:34  Drone x2  
  12  2:45  Hatchery  
  12  2:49  Overlord  
  12  2:55  Queen  
  12  2:59  Drone  
  12  3:00  Drone  
  12  3:02  Drone  
  12  3:11  Drone, Overlord  
  12  3:17  Drone  
  12  3:18  Drone x2  
  12  3:21  Drone x3  
  12  3:30  Queen  
  12  3:33  Queen  
  12  3:36  Zergling x2  
  12  3:37  Zergling x2  
  12  3:40  Zergling x4  
  12  3:41  Zergling x2  
  12  3:54  Overlord x2  
  12  3:57  Queen  
  12  4:03  Drone x4  
  12  4:15  Queen x2  
  12  4:17  Overlord  
  12  4:21  Drone  
  12  4:22  Drone x4  
  12  4:37  Queen  
  12  4:39  Overlord  
  12  4:40  Drone  
  12  4:41  Drone x7  
  12  4:59  Extractor  
  12  5:01  Drone x3  
  12  5:02  Drone x2, Extractor x2  
  12  5:03  Drone  
  12  5:04  Drone x3, Extractor  
  12  5:09  Drone, Extractor  
  12  5:10  Drone x2  
  12  5:11  Drone x3  
  12  5:13  Queen  
  12  5:21  Overlord  
  12  5:34  Queen  
  12  5:35  Evolution Chamber  
  12  5:37  Baneling Nest  
  12  5:39  Evolution Chamber  
  12  5:47  Overlord x5  
  12  5:49  Drone  
  12  5:51  Drone x6  
  12  5:52  Drone  
  12  5:54  Hatchery  
  12  5:58  Zergling x2  
  12  5:59  Zergling x4  
  12  6:03  Overlord x2  
  12  6:30  Zergling x4  
  12  6:31  Zergling x20  
  12  6:32  Hatchery  
Tags
 
Add a new tag
Caveats
  • Supply blocks, unpowered buildings, or Contaminate may cause inaccurate times.
  • Supply counts are checked every 10 seconds.